 Dungeon Crawl Stone Soup version 0.18-a0-401-g4081cbf (webtiles) character file.

3696 xeno23 the Gusty (level 9, -5/67 HPs)
             Began as a Demigod Air Elementalist on Nov 30, 2015.
             Slain by a wolf (10 damage)
             ... led by Grum
             ... on level 8 of the Dungeon.
             The game lasted 00:41:17 (7942 turns).

xeno23 the Gusty (Demigod Air Elementalist)         Turns: 7942, Time: 00:41:17

Health: -5/67      AC:  8    Str: 26    XL:     9   Next: 60%
Magic:  20/21      EV: 13    Int: 19    God:
Gold:   395        SH:  0    Dex: 16    Spells: 5 memorised, 6 levels left

rFire  + . .     SeeInvis .     N - +2 scimitar (flame)
rCold  . . .     Clarity  .     H - +2 leather armour {rF+}
rNeg   . . .     SustAt   +     (no shield)
rPois  .         Gourm    .     L - +0 helmet
rElec  .         Spirit   .     x - +0 cloak
rCorr  .         Dsmss    .     (no gloves)
rMut   .         Stasis   .     K - +0 pair of boots
MR     .....                    y - amulet of rage
Stlth  ++........               k - +3 ring of strength
                                J - +6 ring of strength

@: exhausted, slowed, repel missiles, very slow, not resistant to hostile
enchantments, unstealthy
A: high mp 1, sustain attributes
a: Evoke Berserk Rage


You were on level 8 of the Dungeon.
You were hungry.

You visited 1 branch of the dungeon, and saw 8 of its levels.
You also visited: Sewer.

You collected 395 gold pieces.

Inventory:

Hand Weapons
 o - a +0 blowgun
 w - a +2 rapier of electrocution
 N - a +2 scimitar of flaming (weapon)
Missiles
 s - 31 poisoned needles
Armour
 v - a +2 shield
 x - a +0 cloak (worn)
 H - a +2 leather armour of fire resistance (worn)
 K - a +0 pair of boots (worn)
 L - a +0 helmet (worn)
Jewellery
 g - an uncursed ring of ice
 k - a +3 ring of strength (right hand)
 m - an uncursed amulet of guardian spirit
 r - an uncursed ring of protection from magic
 y - an amulet of rage (around neck)
 J - a +6 ring of strength (left hand)
Scrolls
 a - a scroll of blinking {unknown}
 f - 2 scrolls of magic mapping
 i - 3 scrolls of identify
 p - a scroll of fear {unknown}
 D - 3 scrolls of teleportation
 F - a scroll of enchant weapon {unknown}
 G - a scroll of remove curse {unknown}
 I - a scroll of vulnerability {unknown}
Potions
 e - 2 potions of agility
 h - 8 potions of heal wounds
 j - 4 potions of curing
 q - 5 potions of might
 t - a potion of degeneration {unknown}
 u - a potion of magic {unknown}
 z - a potion of resistance {unknown}
 B - a potion of flight
 C - a potion of cure mutation
Books
 b - a book of Air

   Spells                             Type                      Level
   a - Shock                          Conjuration/Air              1
   b - Swiftness                      Charms/Air                   2
   c - Repel Missiles                 Charms/Air                   2
   d - Static Discharge               Conjuration/Air              3
   e - Lightning Bolt                 Conjuration/Air              5
Comestibles
 c - 4 bread rations
 d - 4 meat rations
 l - 3 slices of pizza
 n - 7 fruits
 A - 3 chunks of flesh
 E - a beef jerky
 M - a royal jelly


   Skills:
 + Level 2.1 Fighting
 - Level 4.0(4.7) Short Blades
 * Level 3.5(4.4) Long Blades
 + Level 2.3 Armour
 + Level 3.1 Dodging
 - Level 1.7 Stealth
 - Level 0.3 Unarmed Combat
 + Level 5.9 Spellcasting
 + Level 6.0 Conjurations
 - Level 7.0 Air Magic
 + Level 0.0 Evocations


You had 6 spell levels left.
You knew the following spells:

 Your Spells              Type           Power        Failure   Level  Hunger
a - Shock                 Conj/Air       ####         1%          1    None
b - Swiftness             Chrm/Air       ###.....     4%          2    None
q - Static Discharge      Conj/Air       ####....     2%          3    ##.....
r - Repel Missiles        Chrm/Air       ###...       4%          2    None
w - Lightning Bolt        Conj/Air       ####......   24%         5    #####..


Dungeon Overview and Level Annotations

Branches:
Dungeon (8/15)             Temple (0/1) D:6
   Lair: D:8-11

Annotations:
D:8 Grum


Innate Abilities, Weirdness & Mutations

You have an increased reservoir of magic (+10% MP).
Your attributes are resistant to harm.


Message History

You barely miss the wolf.
The wolf is moderately wounded.
The wolf closely misses you. The wolf bites you! Grum misses you.
The wolf bites you. The wolf bites you but does no damage.
You take 8 damage.
You hit the wolf. You burn the wolf.
The wolf is heavily wounded.
You are no longer berserk.
You are exhausted.
You feel yourself slow down.
You are feeling hungry.
The wolf bites you. The wolf misses you. Grum hits you from afar with a glaive!
* * * LOW HITPOINT WARNING * * *
You take 31 damage.
The wolf bites you.
* * * LOW HITPOINT WARNING * * *
The wolf barely misses you. The wolf bites you!
* * * LOW HITPOINT WARNING * * *
The wolf bites you!
You die...

.# ##.# #.. # #.# #
##.# ############..##
.#............g##
...............h##
<.########....hh@##
###### )รท#
##.....#..### ##....#
[.##
#....#####..###.....#
...# ##...##
##..#.....## ...#
#....# ##......##
...# ##..## ##.....#
...# ##..# #....###
...# #..##
#...#..###### ...#
#..# ######......#


You could see Grum and 3 wolves.

Vanquished Creatures
  Erica (D:8)
  A two-headed ogre (D:5)
  The ghost of Uberwunderbarhen the Covert, an amateur OpAs (D:5)
  A hippogriff (D:3)
  A wolf (D:8)
  2 orc warriors (D:7)
  A phantom (D:7)
  2 ice beasts
  2 centaurs
  A necrophage (D:6)
  A big kobold (Sewer)
  A giant frog (D:7)
  A gnoll sergeant (D:6)
  2 scorpions
  3 crimson imps
  2 hounds
  7 orc wizards
  A centaur zombie (D:6)
  2 jellies
  7 orc priests
  3 centaur skeletons
  2 worker ants (D:5)
  3 giant frog skeletons
  2 iguanas
  A hound skeleton (D:8)
  A worker ant zombie (D:5)
  16 adders
  8 gnolls
  A shadow imp (D:5)
  3 oozes
  2 adder skeletons
  4 worms
  13 giant geckos
  26 orcs
  16 bats
  7 giant cockroaches
  10 hobgoblins
  11 jackals
  5 quokkas
  2 ball pythons (Sewer)
  A giant gecko skeleton (D:4)
  8 giant newts
  7 goblins
  2 jackal zombies
  20 kobolds
  9 rats
223 creatures vanquished.

Vanquished Creatures (others)
  An ogre (D:6)
1 creature vanquished.

Grand Total: 224 creatures vanquished

Notes
Turn   | Place    | Note
--------------------------------------------------------------
     0 | D:1      | xeno23 the Demigod Air Elementalist began the quest for the Orb.
     0 | D:1      | Reached XP level 1. HP: 14/14 MP: 5/5
    39 | D:1      | Reached skill level 1 in Conjurations
   122 | D:1      | Reached skill level 3 in Air Magic
   457 | D:1      | Reached XP level 2. HP: 20/20 MP: 4/7
  1141 | D:2      | Reached XP level 3. HP: 26/26 MP: 8/8
  1291 | D:2      | Learned a level 2 spell: Swiftness
  1294 | D:2      | Learned a level 2 spell: Repel Missiles
  1684 | D:2      | Found a deep blue altar of Sif Muna.
  1809 | D:2      | Reached XP level 4. HP: 31/33 MP: 1/10
  2152 | D:3      | Noticed a hippogriff
  2170 | D:3      | Reached skill level 4 in Air Magic
  2253 | D:3      | Reached XP level 5. HP: 19/38 MP: 0/12
  2593 | D:3      | Noticed an ice beast
  2786 | D:3      | Learned a level 3 spell: Static Discharge
  2873 | D:3      | Killed an ice beast
  2873 | D:3      | Reached XP level 6. HP: 45/45 MP: 8/14
  3097 | D:3      | Killed a hippogriff
  3386 | D:4      | Found a glowing drain.
  3423 | Sewer    | Entered a sewer
  3494 | Sewer    | Reached skill level 5 in Air Magic
  3695 | Sewer    | Reached XP level 7. HP: 45/50 MP: 3/16
  4454 | D:5      | Entered Level 5 of the Dungeon
  4571 | D:5      | Noticed Uberwunderbarhen's ghost (amateur OpAs)
  4590 | D:5      | Killed Uberwunderbarhen's ghost
  4650 | D:5      | Learned a level 5 spell: Lightning Bolt
  4666 | D:5      | Noticed a two-headed ogre
  4802 | D:5      | Reached skill level 1 in Short Blades
  5059 | D:5      | Killed a two-headed ogre
  5059 | D:5      | Reached skill level 6 in Air Magic
  5059 | D:5      | Reached XP level 8. HP: 54/57 MP: 9/18
  5289 | D:5      | Reached skill level 5 in Spellcasting
  5648 | D:6      | Reached skill level 5 in Conjurations
  6247 | D:6      | Found an iron altar of Okawaru.
  6353 | D:6      | Found a staircase to the Ecumenical Temple.
  6739 | D:7      | Reached skill level 1 in Long Blades
  6739 | D:7      | Reached skill level 1 in Armour
  6783 | D:7      | Reached XP level 9. HP: 63/63 MP: 11/20
  6838 | D:7      | Reached skill level 1 in Fighting
  7603 | D:8      | Noticed Erica
  7823 | D:8      | Killed Erica
  7823 | D:8      | Reached skill level 7 in Air Magic
  7928 | D:8      | Noticed Grum
  7942 | D:8      | Slain by a wolf

Vault maps used:
D:1:      onia_arrival_mini_maze_b
D:2:      lemuel_blue_sif_altar, serial_undead, serial_undead_f,
          serial_undead_d, serial_undead_d, serial_undead_f, st_stairs_11
D:4:      minmay_door_path, gup_sewer_entry_spiral, first_bread
D:6:      lemuel_temple_firewalk_marked, okawaru_altar_gauntlet_db
D:8:      uniq_erica, uniq_grum
Sewer:    kennysheep_pipe_town

Action                   |  1- 3 |  4- 6 |  7- 9 || total
-------------------------+-------+-------+-------++-------
Melee: Unarmed           |    73 |       |       ||    73
       Dagger            |    54 |    47 |       ||   101
       Rapier            |       |       |   110 ||   110
       Scimitar          |       |       |    11 ||    11
 Cast: Shock             |    83 |   140 |   243 ||   466
       Repel Missiles    |     1 |     1 |     1 ||     3
       Static Discharge  |       |     1 |     4 ||     5
 Abil: Evoke Berserk Rag |       |       |     2 ||     2
  Use: Scroll            |       |     8 |     3 ||    11
       Potion            |       |       |     1 ||     1
 Stab: Sleeping          |     2 |     2 |     2 ||     6
  Eat: Chunk             |     4 |     5 |    15 ||    24
